 Dungeon Crawl Stone Soup version 0.19-a0-650-gab89c2a (webtiles) character file.

114667 Apachew the Fighter (level 16, 106/106 HPs)
             Began as a Gargoyle Earth Elementalist on June 14, 2016.
             Was the Champion of Vehumet.
             Quit the game on level 15 of the Dungeon on Mar 8, 2017.
             The game lasted 02:22:21 (31482 turns).

Apachew the Fighter (Gargoyle Earth Elementalist)  Turns: 31482, Time: 02:22:21

Health: 106/106    AC: 29    Str: 16    XL:     16   Next: 66%
Magic:  26/26      EV: 13    Int: 22    God:    Vehumet [******]
Gold:   1244       SH:  7    Dex: 10    Spells: 7 memorised, 2 levels left

rFire  + . .     SeeInvis .     a - +2 demon whip (elec)
rCold  . . .     Gourm    +     A - +2 scale mail {rF+}
rNeg   + . .     Faith    .     U - +3 warlock's mirror {reflect}
rPois  ∞         Spirit   .     (no helmet)
rElec  +         Dismiss  .     J - +1 cloak
rCorr  .         Reflect  +     O - +0 pair of gloves
SustAt .         Harm     .     M - +0 pair of boots {run}
MR     ++...                    j - amulet of the gourmand
Stlth  ..........               V - +3 ring of strength
                                G - +3 ring of protection

@: flying, quick, very resistant to hostile enchantments, extremely unstealthy
A: big wings, magic resistance 1, negative energy resistance 1, electricity
resistance, unbreathing, petrification resistance, rot immunity, AC +11
a: Stop Flying, Renounce Religion


You were on level 15 of the Dungeon.
You worshipped Vehumet.
Vehumet was exalted by your worship.
You were completely stuffed.

You visited 4 branches of the dungeon, and saw 24 of its levels.
You also visited: Bailey.

You collected 2018 gold pieces.
You spent 774 gold pieces at shops.

Inventory:

Hand Weapons
 a - a +2 demon whip of electrocution (weapon)
Armour
 A - a +2 scale mail of fire resistance (worn)
 J - a +1 cloak (worn)
 K - a +2 robe of fire resistance
 M - a +0 pair of boots of running (worn)
 O - a +0 pair of gloves (worn)
 U - the +3 warlock's mirror (worn) {reflect}
   (You found it on level 6 of the Lair of Beasts)
Magical Staves
 b - an uncursed staff of power
Jewellery
 j - an amulet of the gourmand (around neck)
 m - an uncursed ring of resist corrosion
 s - an uncursed ring of protection from magic
 u - an uncursed ring of fire
 F - an uncursed ring of protection from cold
 G - a +3 ring of protection (left hand)
 R - a +3 ring of protection
 V - a +3 ring of strength (right hand)
Wands
 c - a wand of acid (7/15)
 y - a wand of paralysis (8/24)
 L - a wand of slowing (15/48)
 S - a wand of lightning (8/15)
 X - a wand of iceblast (10/15)
Scrolls
 i - 6 scrolls of remove curse
 k - 4 scrolls of fog
 n - 2 scrolls of blinking
 q - 7 scrolls of teleportation
 r - 5 scrolls of enchant armour
 D - a scroll of recharging
 E - 6 scrolls of enchant weapon
 I - 6 scrolls of fear
 N - 13 scrolls of identify
 W - a scroll of acquirement
 Z - a scroll of magic mapping
Potions
 e - 2 potions of heal wounds
 f - 2 potions of haste
 g - 2 potions of might
 l - 6 potions of magic
 p - 5 potions of curing
 w - 9 potions of cure mutation
 B - 3 potions of brilliance
 H - a potion of ambrosia
 Q - 4 potions of invisibility
 T - a potion of resistance
 Y - 2 potions of agility
Books
 h - a book of the Tempests

   Spells                             Type                      Level
   a - Static Discharge               Conjuration/Air              3
   b - Lightning Bolt                 Conjuration/Air              5
   c - Fireball                       Conjuration/Fire             5
   d - Tornado                        Air                          9
   e - Shatter                        Earth                        9
 P - a book of Spatial Translocations

   Spells                             Type                      Level
   a - Apportation                    Translocation                1
   b - Blink                          Translocation                2
   c - Shroud of Golubria             Charms/Translocation         2
   d - Portal Projectile              Translocation                3
   e - Teleport Other                 Translocation                3
   f - Passage of Golubria            Translocation                4
Comestibles
 d - 11 bread rations
 t - 11 royal jellies
 v - 23 fruits
 x - 6 slices of pizza
 z - 10 beef jerkies
 C - 7 meat rations


   Skills:
 - Level 14.2 Fighting
 - Level 12.1 Maces & Flails
 - Level 7.0 Armour
 - Level 9.3 Dodging
 - Level 2.1 Stealth
 - Level 4.1 Shields
 - Level 7.0 Spellcasting
 - Level 11.0 Conjurations
 * Level 9.1 Charms
 - Level 0.7 Transmutations
 + Level 14.1 Earth Magic


You had 2 spell levels left.
You knew the following spells:

 Your Spells              Type           Power        Failure   Level  Hunger
b - Blink                 Tloc           N/A          41%         2    None
d - Lee's Rapid Deconstr  Erth           ######....   1%          5    #####..
h - Haste                 Chrm           #####...     90%         6    ######.
p - Passwall              Tmut/Erth      #####.....   1%          2    None
q - Stone Arrow           Conj/Erth      ######       1%          3    None
r - Iron Shot             Conj/Erth      ######....   7%          6    ######.
s - Spectral Weapon       Hex/Chrm       ####....     14%         3    None


Dungeon Overview and Level Annotations

Branches:
Dungeon (15/15)            Temple (1/1) D:4            Lair (6/6) D:8
  Swamp (0/4) Lair:2       Spider (0/4) Lair:3        Slime (0/5) Lair:5
    Orc (2/2) D:11            Elf (0/3) Orc:2        Vaults (0/5) D:14
 Depths (0/5) D:15

Altars:
Ashenzari
Cheibriados
Dithmenos
Elyvilon
Fedhas
Gozag
Hepliaklqana
Kikubaaqudgha
Makhleb
Nemelex Xobeh
Okawaru
Pakellas
Qazlal
Ru
Sif Muna
Trog
Uskayaw
Vehumet
Xom
Yredelemnul
Zin
The Shining One
Beogh
Jiyva

Shops:
D:8 (   D:12 *   Orc:1 (   Orc:2 :!:[

Annotations:
Lair:2 Gastronok


Innate Abilities, Weirdness & Mutations

You are resistant to torment.
Your stone body is resilient. (AC +11)
You are immune to poison.
Your large and strong wings let you fly indefinitely.
You resist negative energy. (rN+)
You are resistant to electric shocks. (rElec)
You can survive without breathing.
You are immune to petrification.
You are immune to rotting.
You are resistant to hostile enchantments. (MR+)


Message History

(D) Dungeon (T) Temple (L) Lair (S) Swamp (N) Spider Nest (M) Slime Pits (O) Orcish Mines (E) Elven Halls (V) Vaults (U) Depths
Where to? (Enter - D:15, ? - help) You're already here!
Saving game... please wait.
Welcome back, Apachew the Gargoyle Earth Elementalist.
Vehumet says: Let it end in hellfire!
Press ? for a list of commands and other information.
Take off which item? (? for menu, Esc to quit)
You aren't wearing that!
Are you sure you want to abandon this character and quit the game? (Confirm with "yes".)
Okay, then.
Welcome back, Apachew the Gargoyle Earth Elementalist.
Vehumet says: Let it end in hellfire!
Press ? for a list of commands and other information.
Welcome back, Apachew the Gargoyle Earth Elementalist.
Vehumet says: Let it end in hellfire!
Press ? for a list of commands and other information.
Are you sure you want to abandon this character and quit the game? (Confirm with "yes".)

..#......#...#####...#
..#......#...#...#..##
..##.....#...#...#..#
...#.....#...#...#..#
..##.....#...#...#..#
..#......#...#...#..#
#.#......#...#...#..#
#.#......#...#...#..#
#.########...#..@#..#
#............###'#..#
#...................#
#...................#
#.............#####.#
..#########...#...#.#
..# #...'...#.# ..#
#...#...#.# ..#
#...#...#.#


There were no monsters in sight!

Vanquished Creatures
  Frances (D:14)
  Kirke (D:14)
  A fire giant (D:12)
  Maud (Lair:4)
  Louise (D:15)
  Erolcha (Orc:2)
  3 vault guards (D:14)
  13 hydras
  Erica (D:8)
  3 centaur warriors
  2 catoblepae
  A queen ant (D:13)
  A vampire mage (D:15)
  2 death yaks
  A tengu warrior (D:12)
  Urug (D:12)
  2 skeletal warriors
  2 wizards (D:14)
  4 unseen horrors
  2 spark wasp zombies (D:15)
  7 hill giants
  A lindwurm (Lair:6)
  2 deep elf magi
  A phantasmal warrior (D:10)
  2 necromancers
  Pikel (D:8)
  An oklob plant (D:11)
  10 ugly things
  An orc knight (Orc:1)
  A wolf spider (Lair:3)
  10 orc sorcerers (Orc:2)
  2 cyclopes
  3 griffons
  15 elephants
  6 black mambas
  An ice statue (Lair:6)
  2 centaur zombies
  3 gargoyles
  A frost giant skeleton (D:15)
  A torpor snail (Lair:6)
  A kobold demonologist (D:12)
  3 freezing wraiths
  16 spiny frogs
  A rime drake (Lair:2)
  10 komodo dragons
  An efreet (D:13)
  A guardian mummy (D:15)
  A spriggan druid (Lair:6)
  2 trolls
  A tengu conjurer (D:13)
  10 polar bears
  4 two-headed ogres
  5 blink frogs
  An ettin zombie (D:15)
  12 spriggans (Lair:6)
  9 redbacks (Lair:6)
  4 wyverns
  2 wraiths (D:13)
  39 yaks
  19 humans (D:14)
  2 hogs (D:14)
  2 basilisks
  2 steam dragons (D:12)
  3 hungry ghosts
  9 killer bees
  7 vampire mosquitoes
  A warg (Orc:2)
  5 mottled dragons
  Menkaure (D:7)
  9 hippogriffs
  6 swamp worms (Lair:2)
  9 water moccasins
  22 soldier ants
  14 orc warriors
  5 porcupines
  5 phantoms
  11 sky beasts
  9 ice beasts
  5 black bears
  6 wasps
  7 ogres
  3 necrophages
  2 eyes of draining
  34 wolves
  4 centaurs
  12 crocodiles
  3 big kobolds
  Blork the orc (D:5)
  26 giant frogs
  2 gnoll sergeants
  3 wyvern zombies
  2 scorpions
  2 troll zombies (D:14)
  18 wights
  6 electric eels
  5 howler monkeys
  10 crimson imps
  2 giant frog zombies
  2 quasits
  3 human zombies (D:14)
  9 hounds
  15 jellies
  Crazy Yiuf (D:5)
  5 centaur skeletons
  5 giant frog skeletons
  11 orc priests
  A human skeleton (D:14)
  Terence (D:2)
  4 iguanas
  35 orc wizards
  29 worker ants
  8 sheep (Lair:3)
  A mummy (D:14)
  A hound skeleton (D:7)
  28 gnolls
  7 adders
  50 river rats
  6 shadow imps
  A white imp (Lair:6)
  13 oozes
  2 adder zombies
  An adder skeleton (D:3)
  3 worms
  A dart slug (D:2)
  5 giant geckos
  70 orcs
  10 giant cockroaches
  8 goblins
  20 hobgoblins
  A jackal (D:3)
  33 kobolds
  5 quokkas
  2 ball pythons
  14 bats
  2 giant newts
  A quokka skeleton (D:5)
  A quokka zombie (D:7)
  13 rats
  3 fungi
  5 plants
968 creatures vanquished.

Vanquished Creatures (others)
  A tengu reaver (D:12)
  A centaur warrior (D:12)
  4 slaves (D:8)
  A wight (D:8)
  A jelly (D:14)
  An orc wizard (Orc:2)
  An orc (D:6)
  A bat (D:8)
  A rat (D:8)
  3 bushes (Lair:2)
  25 fungi
  34 plants
  A spectral weapon (D:14)
75 creatures vanquished.

Grand Total: 1043 creatures vanquished

Notes
Turn   | Place    | Note
--------------------------------------------------------------
     0 | D:1      | Apachew the Gargoyle Earth Elementalist began the quest for the Orb.
     0 | D:1      | Reached XP level 1. HP: 10/10 MP: 3/3
   107 | D:1      | Reached XP level 2. HP: 15/15 MP: 3/5
   673 | D:2      | Reached skill level 5 in Earth Magic
   673 | D:2      | Reached XP level 3. HP: 19/19 MP: 4/6
   713 | D:2      | Found a blossoming altar of Fedhas.
   901 | D:2      | Found a bloodstained altar of Trog.
   998 | D:2      | Learned a level 3 spell: Stone Arrow
  1188 | D:2      | Noticed Terence
  1195 | D:2      | Killed Terence
  1195 | D:2      | Reached XP level 4. HP: 17/24 MP: 1/7
  1848 | D:3      | Reached skill level 1 in Conjurations
  2162 | D:3      | Reached XP level 5. HP: 26/28 MP: 8/8
  2853 | D:3      | HP: 1/28 [orc priest/divine providence (16)]
  2854 | D:3      | Reached XP level 6. HP: 1/32 MP: 3/9
  3450 | D:4      | Found a staircase to the Ecumenical Temple.
  3457 | Temple   | Entered the Ecumenical Temple
  3464 | Temple   | Became a worshipper of Vehumet
  3953 | D:4      | Learned a level 5 spell: Lee's Rapid Deconstruction
  3961 | D:5      | Entered Level 5 of the Dungeon
  4163 | D:5      | Reached XP level 7. HP: 36/36 MP: 10/10
  4281 | D:5      | Found an oddly glowing altar of Pakellas.
  4322 | D:5      | Reached skill level 5 in Conjurations
  4630 | D:5      | Noticed Blork the orc
  4676 | D:5      | Killed Blork the orc
  4676 | D:5      | Reached XP level 8. HP: 23/41 MP: 9/11
  5093 | D:5      | Noticed Crazy Yiuf
  5097 | D:5      | Killed Crazy Yiuf
  5253 | D:6      | Reached * piety under Vehumet
  5253 | D:6      | Offered knowledge of Shock by Vehumet.
  6325 | D:7      | Reached skill level 10 in Earth Magic
  6443 | D:7      | Reached XP level 9. HP: 45/45 MP: 13/13
  6813 | D:7      | Noticed Menkaure
  6816 | D:7      | Killed Menkaure
  6946 | D:7      | Reached ** piety under Vehumet
  7201 | D:7      | Found a shadowy altar of Dithmenos.
  7201 | D:7      | Found a glowing golden altar of the Shining One.
  7277 | D:7      | Offered knowledge of Freeze by Vehumet.
  7694 | D:8      | Noticed Pikel
  7699 | D:8      | Killed Pikel
  7759 | D:8      | Noticed Erica
  7894 | D:8      | Reached skill level 5 in Spellcasting
  7897 | D:8      | Killed Erica
  7897 | D:8      | Reached XP level 10. HP: 45/50 MP: 5/18
  7913 | D:8      | Found a staircase to the Lair.
  7935 | D:8      | Found Ineerujo's Weapon Shoppe.
  7981 | D:8      | Offered knowledge of Throw Frost by Vehumet.
  8103 | D:8      | Reached skill level 1 in Fighting
  8103 | D:8      | Reached skill level 1 in Maces & Flails
  8264 | D:8      | Found a flagged portal.
  8270 | Bailey   | Entered a bailey
  8390 | Bailey   | Reached *** piety under Vehumet
  8673 | Bailey   | Offered knowledge of Static Discharge by Vehumet.
  8674 | Bailey   | Noticed an orc knight
  9252 | D:8      | Found a sparkling altar of Nemelex Xobeh.
  9470 | D:9      | Reached skill level 1 in Shields
  9714 | D:9      | Reached **** piety under Vehumet
  9886 | D:9      | Reached skill level 10 in Conjurations
  9960 | D:9      | Got a jewelled shield
 10004 | D:9      | Offered knowledge of Iskenderun's Mystic Blast by Vehumet.
 10426 | D:10     | Entered Level 10 of the Dungeon
 10689 | D:10     | Noticed a skeletal warrior
 10692 | D:10     | Killed a skeletal warrior
 10692 | D:10     | Reached XP level 11. HP: 61/61 MP: 7/19
 11027 | D:10     | Identified a scroll of acquirement
 11034 | D:10     | Identified a +0 pair of boots of running (You acquired it on level 10 of the Dungeon)
 11356 | D:10     | Noticed a death knight
 11630 | D:10     | Noticed a phantasmal warrior
 11736 | Lair:1   | Entered Level 1 of the Lair of Beasts
 11870 | Lair:1   | Reached skill level 5 in Maces & Flails
 12038 | Lair:1   | Learned a level 2 spell: Passwall
 12045 | Lair:1   | Learned a level 6 spell: Haste
 12065 | Lair:1   | Reached ***** piety under Vehumet
 12065 | Lair:1   | Reached skill level 5 in Fighting
 12065 | Lair:1   | Offered knowledge of Force Lance by Vehumet.
 12228 | Lair:1   | Noticed a five-headed hydra
 12251 | Lair:1   | Killed a five-headed hydra
 12467 | Lair:1   | Identified the cursed +0 shield of Qedd {Regen+ Dex+4} (You found it on level 9 of the Dungeon)
 12994 | Lair:2   | Noticed a four-headed hydra
 13250 | Lair:2   | Noticed a six-headed hydra
 13297 | Lair:2   | Killed a six-headed hydra
 13670 | Lair:2   | Reached XP level 12. HP: 70/72 MP: 7/20
 13856 | Lair:2   | Killed a four-headed hydra
 14436 | Lair:2   | Reached skill level 10 in Maces & Flails
 15060 | Lair:2   | Found a staircase to the Swamp.
 15213 | Lair:2   | Noticed a seven-headed hydra
 15218 | Lair:2   | Killed a seven-headed hydra
 15464 | Lair:3   | Noticed Gastronok
 16065 | Lair:3   | Noticed an eight-headed hydra
 16087 | Lair:3   | Killed an eight-headed hydra
 16496 | Lair:3   | Found an opulent altar of Gozag.
 16666 | Lair:3   | Learned a level 6 spell: Iron Shot
 17113 | Lair:3   | Found a hole to the Spider Nest.
 17314 | Lair:3   | Gained mutation: You are resistant to hostile enchantments. (MR+) [potion of beneficial mutation]
 17489 | Lair:3   | Reached XP level 13. HP: 81/81 MP: 5/22
 17851 | D:8      | Bought a +2 demon whip of electrocution for 693 gold pieces
 17926 | Lair:4   | Reached skill level 10 in Fighting
 18320 | Lair:4   | Noticed Maud
 18348 | Lair:4   | Killed Maud
 19186 | Lair:5   | Found a viscous altar of Jiyva.
 19190 | Lair:5   | Found a staircase to the Slime Pits.
 19693 | Lair:5   | Reached skill level 5 in Dodging
 19928 | Lair:6   | Entered Level 6 of the Lair of Beasts
 20886 | Lair:6   | Gained mutation: Your large and strong wings let you fly indefinitely. [Gargoyle growth]
 20886 | Lair:6   | Reached XP level 14. HP: 91/91 MP: 17/23
 21103 | Lair:6   | Offered knowledge of Ozocubu's Refrigeration by Vehumet.
 22020 | Lair:6   | Reached skill level 1 in Charms
 22029 | Lair:6   | Reached skill level 1 in Armour
 22864 | Lair:6   | Upgraded the game from 0.19-a0-644-gd04d753 to 0.19-a0-650-gab89c2a
 23248 | D:10     | Offered knowledge of Bolt of Cold by Vehumet.
 23595 | D:11     | Reached ****** piety under Vehumet
 23713 | D:11     | Found a staircase to the Orcish Mines.
 23734 | Orc:1    | Entered Level 1 of the Orcish Mines
 23780 | Orc:1    | Found Doec's Weapon Boutique.
 23908 | Orc:2    | Entered Level 2 of the Orcish Mines
 23908 | Orc:2    | Found a radiant altar of Vehumet.
 24449 | Orc:2    | Found a staircase to the Elven Halls.
 24733 | Orc:2    | Found Jatzogg's Book Boutique.
 24784 | Orc:2    | Reached XP level 15. HP: 96/99 MP: 20/24
 24914 | Orc:2    | Offered knowledge of Delayed Fireball by Vehumet.
 24915 | Orc:2    | Found a radiant altar of Vehumet.
 24921 | Orc:2    | Noticed Erolcha
 24933 | Orc:2    | Killed Erolcha
 24940 | Orc:2    | Found Nigurchot's Distillery.
 25034 | Orc:2    | Bought a potion of heal wounds for 55 gold pieces
 25036 | Orc:2    | Found an ancient bone altar of Kikubaaqudgha.
 25068 | Orc:2    | Found a roughly hewn altar of Beogh.
 25068 | Orc:2    | Found Goizoc's Book Boutique.
 25075 | Orc:2    | Found Elyuggeh's Antique Armour Shop.
 25090 | Orc:2    | Bought a glowing robe for 13 gold pieces
 25090 | Orc:2    | Bought a runed robe for 13 gold pieces
 25473 | D:11     | Reached skill level 5 in Armour
 25571 | D:11     | Identified the Catalogue of the Flying Escort
 26511 | D:12     | Reached skill level 5 in Charms
 26519 | D:12     | Noticed a tengu reaver
 26520 | D:12     | Noticed a fire giant
 26538 | D:12     | Killed a tengu reaver
 26828 | D:12     | Killed a fire giant
 27158 | D:12     | Learned a level 2 spell: Blink
 27171 | D:12     | Offered knowledge of Conjure Ball Lightning by Vehumet.
 27268 | D:12     | Noticed Urug
 27281 | D:12     | Killed Urug
 27527 | D:12     | Found Quruvvom's Pet Rocks.
 28576 | D:13     | Learned a level 3 spell: Spectral Weapon
 29181 | D:14     | Offered knowledge of Freezing Cloud by Vehumet.
 29194 | D:14     | Found an ancient bone altar of Kikubaaqudgha.
 29265 | D:14     | Reached XP level 16. HP: 105/106 MP: 20/26
 29289 | D:14     | Noticed Frances
 29296 | D:14     | Killed Frances
 29546 | D:14     | Noticed Kirke
 29551 | D:14     | Killed Kirke
 29818 | D:14     | Offered knowledge of Bolt of Fire by Vehumet.
 29941 | D:14     | Found a gate to the Vaults.
 30285 | D:15     | Entered Level 15 of the Dungeon
 30348 | D:15     | Found a staircase to the Depths.
 30349 | D:15     | Noticed Louise
 30395 | D:15     | Killed Louise
 31482 | D:15     | Quit the game

Vault maps used:
D:1:      tarquinn_simple_flora_water_e, st_stairs_7
D:2:      fedhas_altar_4, bloody_trog, serial_glass, glass_columns_a,
          glass_columns_c, uniq_terence
D:3:      nrook_uturn
D:4:      minmay_temple_entry_junction, first_bread
D:5:      grunt_pakellas_basics, uniq_crazy_yiuf_cottage, uniq_blork_the_orc
D:6:      serial_bayou, serial_bayou_pond_c, serial_bayou_pond_a,
          serial_bayou_shore_b, serial_bayou_shore_a, serial_bayou_pond_b,
          serial_bayou_crossing
D:7:      amethyst_overflow_temple_binary, hangedman_decor_peaks_small,
          uniq_menkaure
D:8:      grunt_lair_entry_orc_guard_hut, serial_shops, shop, enter_bailey_3,
          nemelex_lonely_heart_becter, uniq_pikel, uniq_erica
D:9:      hangedman_pestilent_swarm
D:11:     lemuel_slime, hiddenorc1_lemuel, minmay_diamond_spiral
D:12:     minmay_expanding_squares, minmay_misc_feat_alley, guppyfry_shop_earth,
          uniq_urug
D:13:     minivault_29, uniq_erolcha
D:14:     grunt_vaults_entry_tiered, lemuel_mausoleum_altar_kikubaaqudgha,
          uniq_kirke, uniq_frances
D:15:     gammafunk_depths_entry_grave, minmay_crystal_room,
          minmay_misc_feat_cross, uniq_louise
Temple:   nicolae_temple_no_exploring_needed
Lair:1:   grunt_megastairs_3
Lair:2:   nicolae_swamp_entry_splash_gauntlet, serial_forest,
          infiniplex_forest_lined_2, infiniplex_forest_clump_tiny,
          infiniplex_forest_side_room, infiniplex_forest_zigzag_2,
          infiniplex_forest_straight_5, infiniplex_forest_zigzag_1,
          infiniplex_forest_corner_1, infiniplex_forest_clump_curved
Lair:3:   spider_nest_entry_rubble, basic_altar, lab_entry_generic,
          small_statue_intersection, uniq_gastronok
Lair:4:   ldierk_geyser, grunt_megastairs_5, uniq_maud
Lair:5:   slime_altar_1, nicolae_quartered_pool_little, st_stairs_3,
          beast_lair_carwin_6, grunt_megastairs_4, serial_bayou_shore_b,
          infiniplex_staircase_pool_2
Lair:6:   minmay_lair_end_enchanted_forest, ice2_lemuel, grunt_megastairs_1
Orc:1:    serial_shops, nicolae_shop_statue_plus
Orc:2:    kennysheep_orc_mage_school, basic_altar
Bailey:   bailey_axe_2, bailey

Skill      XL: |  1  2  3  4  5  6  7  8  9 10 11 12 13 14 15 16 |
---------------+-------------------------------------------------+-----
Earth Magic    | 4 5 6 7 8 10 11 12 13 14 | 14.1
Conjurations   | 1 3 4 6 8 9 10 11 | 11.0
Spellcasting   | 5 6 7 |  7.0
Fighting       | 4 7 9 11 13 14 | 14.2
Maces & Flails | 4 8 10 12 | 12.1
Shields        | 4 |  4.1
Dodging        | 3 6 8 9 |  9.3
Charms         | 3 6 9 |  9.1
Armour         | 4 7 |  7.0
Stealth        | |  2.1
Transmutations | |  0.7

Action                   |  1- 3 |  4- 6 |  7- 9 | 10-12 | 13-15 | 16-18 || total
-------------------------+-------+-------+-------+-------+-------+-------++-------
Melee: Unarmed           |    31 |       |       |       |       |       ||    31
       Whip              |    33 |    25 |    16 |   416 |     4 |       ||   494
       Staff             |       |    16 |    69 |    13 |       |       ||    98
       Demon whip        |       |       |       |       |  1498 |   330 ||  1828
 Cast: Sandblast         |    46 |    46 |    21 |    31 |       |       ||   144
       Stone Arrow       |     1 |    48 |    96 |   228 |    91 |     3 ||   467
       Lee's Rapid Decon |       |       |    19 |    84 |    66 |    30 ||   199
       Iron Shot         |       |       |       |     4 |    61 |    11 ||    76
       Spectral Weapon   |       |       |       |       |     2 |     1 ||     3
 Abil: Fly               |       |       |       |       |     1 |       ||     1
Evoke: Wand              |       |       |       |     1 |       |       ||     1
  Use: Scroll            |       |       |    18 |    15 |    10 |       ||    43
       Potion            |       |       |       |     2 |       |       ||     2
 Stab: Sleeping          |     2 |     1 |       |       |       |       ||     3
       Distracted        |       |       |       |       |     3 |       ||     3
       Petrifying        |       |       |       |       |     1 |       ||     1
  Eat: Chunk             |     2 |    26 |    25 |    68 |    80 |    20 ||   221
Armor: Robe              |    45 |    30 |    71 |   234 |   292 |       ||   672
       Scale mail        |       |       |       |       |    99 |   102 ||   201
Dodge: Dodged            |    85 |    57 |   122 |   263 |   488 |    89 ||  1104
Block: Buckler           |       |       |       |    66 |   283 |    69 ||   418
       Reflection        |       |       |       |       |    20 |     3 ||    23
